Map: Green Acres

Players

A.I. 1 (Harder)

  • Race: Zerg Zerg
  • Spawn Location: 9:00

larsgj - Winner!

  • Race: Terran Terran
  • Spawn Location: 1:00

VOD

Have the link to the VOD?

Description

Time

  • Played on: Dec. 21, 2022, 6:25 a.m.
  • Length: 36:17
Show
View Real Time Build Order
Export as new Build Order

A.I. 1 (Harder) Zerg 

Build Orders: 1 Base Baneling Bust, Pool First 

Get SALT Encoding   

  12  0:00  Drone  
  13  0:12  Overlord  
  13  0:17  Drone  
  14  0:30  Drone  
  14  0:31  Drone  
  16  0:43  Spawning Pool  
  16  0:44  Drone  
  16  0:49  Drone  
  17  0:52  Extractor  
  17  0:55  Drone  
  17  1:06  Overlord  
  17  1:30  Queen  
  17  1:31  Zergling x2  
  20  1:35  Roach Warren  
  20  1:36  Zergling x2  
  20  1:38  Drone  
  21  1:42  Extractor  
  20  1:49  Drone  
  21  2:00  Drone  
  22  2:10  Overlord  
  22  2:21  Drone  
  23  2:32  Roach  
  26  2:37  Roach, Drone  
  26  2:42  Roach  
  30  2:44  Overlord  
  30  2:55  Roach  
  34  3:05  Roach  
  34  3:10  Roach  
  34  3:12  Overlord  
  36  3:15  Roach  
  38  3:20  Roach  
  40  3:29  Roach  
  40  3:32  Baneling Nest  
  41  3:40  Drone x2, Evolution Chamber  
  41  3:41  Roach  
  44  3:51  Drone  
  45  4:02  Drone  
  46  4:12  Drone, Overlord  
  46  4:13  Drone  
  46  4:14  Drone  
  49  4:24  Drone  
  50  4:53  Lair, Zerg Melee Weapons Level 1  
  50  5:31  Zergling x2  
  47  5:42  Roach  
  43  5:49  Roach  
  41  5:51  Burrow  
  41  5:53  Drone, Infestation Pit  
  41  5:56  Roach, Drone, Hydralisk Den  
  41  6:03  Roach  
  43  6:14  Spore Crawler  
  42  6:19  Spore Crawler  
  42  6:20  Drone  
  42  6:24  Hydralisk  
  44  6:31  Hydralisk  
  46  6:37  Hatchery  
  46  6:38  Infestor  
  47  6:46  Infestor  
  49  6:47  Zerg Ground Armor Level 1  
  49  6:53  Hydralisk  
  51  6:55  Spine Crawler  
  51  6:56  Drone  
  51  7:01  Queen  
  51  7:06  Spine Crawler  
  51  7:07  Drone  
  53  7:09  Infestor  
  55  7:18  Overseer  
  55  7:27  Evolution Chamber  
  55  7:28  Drone  
  55  7:29  Overseer  
  55  7:50  Queen  
  55  7:51  Drone x4  
  59  7:53  Zerg Missile Weapons Level 1  
  59  7:58  Overlord  
  61  8:03  Drone  
  61  8:04  Extractor  
  61  8:06  Spore Crawler  
  61  8:09  Drone, Spore Crawler  
  61  8:11  Drone  
  61  8:15  Drone  
  61  8:18  Drone  
  63  8:21  Drone  
  63  8:24  Drone  
  63  8:26  Drone  
  66  8:29  Drone  
  66  8:32  Drone  
  68  8:37  Overlord  
  68  8:48  Hive  
  68  9:00  Spire  
  66  9:10  Hatchery  
  66  9:16  Roach  
  53  9:30  Zergling x2  
  54  9:48  Extractor  
  53  9:58  Pneumatized Carapace  
  53  10:11  Corruptor  
  53  10:14  Greater Spire  
  55  10:33  Drone, Overseer  
  55  10:34  Extractor  
  55  10:36  Extractor  
  55  10:37  Drone  
  55  10:40  Overseer  
  55  10:44  Drone  
  55  10:48  Drone  
  58  10:50  Drone  
  58  10:53  Drone  
  58  10:55  Drone  
  60  10:59  Drone  
  60  11:01  Drone  
  62  11:04  Overlord, Drone  
  63  11:12  Drone  
  63  11:13  Corruptor  
  63  11:15  Drone  
  63  11:17  Drone  
  68  11:20  Drone  
  68  11:22  Drone  
  68  11:23  Corruptor  
  72  11:26  Overlord  
  72  11:29  Drone  
  72  11:31  Drone  
  74  11:33  Brood Lord  
  74  11:37  Corruptor  
  79  11:40  Drone  
  79  11:42  Drone  
  79  11:44  Drone  
  79  11:46  Drone  
  82  11:50  Overlord, Brood Lord  
  84  11:55  Corruptor, Brood Lord  
  88  12:03  Drone  
  88  12:05  Drone, Corruptor  
  88  12:07  Drone  
  88  12:08  Drone  
  94  12:12  Overlord  
  94  12:13  Drone  
  94  12:15  Drone  
  96  12:16  Brood Lord  
  96  12:19  Corruptor  
  96  12:22  Drone  
  101  12:23  Drone  
  101  12:24  Drone  
  101  12:29  Zerg Melee Weapons Level 2  
  103  12:32  Overlord  
  103  12:33  Brood Lord  
  103  12:36  Corruptor  
  107  12:41  Roach  
  107  12:43  Hydralisk  
  111  12:46  Roach  
  111  12:50  Overlord  
  111  12:51  Roach  
  115  12:53  Roach  
  115  12:55  Roach  
  115  12:57  Roach  
  121  13:08  Hydralisk, Overlord  
  121  13:10  Hydralisk  
  121  13:12  Hydralisk  
  125  13:15  Roach  
  129  13:27  Roach, Overlord  
  131  13:29  Roach  
  131  13:31  Roach  
  131  13:33  Roach  
  135  13:35  Roach  
  137  13:43  Roach  
  137  13:45  Roach, Overlord  
  137  13:47  Roach  
  141  13:49  Roach  
  141  13:51  Overlord, Overseer  
  140  13:56  Overlord  
  132  14:03  Overseer  
  130  14:10  Zergling x2  
  130  14:12  Roach  
  130  14:14  Hydralisk, Overlord  
  133  14:17  Roach  
  133  14:19  Roach, Zerg Ground Armor Level 2  
  133  14:21  Roach  
  133  14:23  Roach  
  135  14:25  Hydralisk  
  135  14:26  Pathogen Glands  
  135  14:28  Glial Reconstitution  
  137  14:31  Zerg Flyer Weapons Level 1  
  137  14:32  Hydralisk  
  137  14:33  Overlord  
  137  14:34  Hydralisk  
  137  14:36  Hydralisk  
  143  14:39  Hydralisk  
  143  14:44  Zerg Missile Weapons Level 2  
  145  14:51  Overlord, Infestor  
  147  14:53  Infestor  
  149  15:10  Overlord  
  149  15:12  Hatchery  
  149  15:14  Drone  
  149  15:27  Overseer  
  149  15:29  Overlord  
  149  15:35  Spine Crawler  
  148  15:36  Drone  
  148  15:37  Spine Crawler  
  148  15:46  Spore Crawler  
  148  15:47  Tunneling Claws  
  148  15:48  Spore Crawler  
  146  15:50  Queen  
  148  16:10  Roach  
  140  16:12  Roach, Spine Crawler  
  140  16:14  Roach  
  140  16:15  Spine Crawler  
  140  16:16  Roach  
  130  16:18  Roach  
  130  16:20  Hydralisk  
  130  16:22  Hydralisk  
  139  16:25  Roach, Drone x2  
  139  16:26  Zerg Flyer Armor Level 1, Drone x3  
  139  16:27  Roach  
  139  16:30  Roach, Extractor  
  139  16:31  Hydralisk  
  139  16:32  Drone  
  149  16:33  Infestor  
  149  16:35  Zerg Melee Weapons Level 3  
  149  16:39  Spore Crawler  
  151  16:40  Drone  
  151  16:43  Spore Crawler  
  151  16:44  Queen, Drone  
  153  16:51  Overlord  
  153  16:52  Overseer  
  151  16:54  Overseer  
  151  17:00  Overlord, Zerg Ground Armor Level 3  
  151  17:02  Extractor, Overlord  
  151  17:08  Spine Crawler  
  149  17:11  Spine Crawler  
  148  17:18  Drone, Zergling x2  
  148  17:19  Drone x2  
  148  17:21  Overlord  
  109  17:32  Roach  
  109  17:34  Roach  
  109  17:36  Hydralisk  
  115  17:39  Hydralisk  
  115  17:42  Roach  
  121  17:44  Roach  
  121  17:46  Roach  
  121  17:48  Roach  
  121  17:50  Roach  
  127  17:53  Roach  
  127  17:55  Roach  
  127  17:57  Roach  
  133  17:59  Roach  
  133  18:01  Roach  
  133  18:03  Hydralisk  
  133  18:05  Hydralisk  
  139  18:07  Hydralisk  
  139  18:08  Overlord  
  139  18:09  Hydralisk  
  139  18:12  Hydralisk  
  147  18:14  Infestor  
  147  18:19  Zerg Flyer Weapons Level 2  
  149  18:36  Drone, Ultralisk Cavern  
  149  18:59  Spire  
  149  19:00  Drone  
  149  19:12  Zerg Missile Weapons Level 3  
  149  19:17  Corruptor  
  149  19:18  Overlord  
  151  19:26  Ultralisk  
  151  19:28  Viper  
  151  19:30  Ultralisk  
  166  19:36  Overlord  
  166  19:38  Overseer  
  166  19:39  Overseer  
  166  19:44  Infestor  
  168  19:47  Overlord  
  168  19:50  Overlord  
  168  19:55  Overlord  
  168  20:13  Overlord, Neural Parasite, Infestor  
  170  20:17  Infestor  
  170  20:18  Hatchery  
  171  20:22  Chitinous Plating  
  171  20:25  Ultralisk  
  173  20:31  Viper  
  173  20:32  Overlord, Ultralisk  
  173  20:35  Corruptor, Overseer  
  174  20:41  Zerg Flyer Weapons Level 3  
  176  20:50  Overlord  
  176  21:00  Zerg Flyer Armor Level 2  
  176  21:08  Overlord  
  172  21:28  Overlord, Overseer  
  172  21:30  Overseer  
  172  21:31  Drone, Queen  
  175  21:43  Extractor  
  175  21:44  Drone  
  175  21:46  Spore Crawler  
  175  21:47  Overlord, Drone  
  175  21:48  Spore Crawler  
  175  21:49  Drone, Zergling x2  
  167  21:59  Extractor  
  167  22:00  Drone  
  167  22:14  Drone, Spine Crawler  
  167  22:16  Spine Crawler  
  167  22:17  Drone  
  167  23:08  Overseer  
  167  23:16  Zerg Flyer Armor Level 3  
  159  23:41  Hydralisk  
  159  23:45  Zergling x2  
  145  23:48  Hydralisk  
  145  23:52  Infestor  
  141  23:56  Hydralisk  
  141  23:57  Viper  
  141  23:59  Infestor  
  140  24:03  Hydralisk  
  140  24:04  Overseer  
  140  24:06  Infestor  
  142  24:10  Hydralisk  
  142  24:14  Hydralisk  
  146  24:17  Infestor  
  148  25:16  Drone  
  148  25:23  Hatchery  
  148  25:25  Drone  
  148  26:36  Queen  
  150  26:50  Roach  
  150  26:51  Extractor, Queen x2, Overlord  
  150  26:52  Roach, Drone  
  150  26:53  Spore Crawler  
  154  26:54  Roach, Drone  
  154  26:57  Roach  
  154  26:59  Roach  
  160  27:01  Roach  
  160  27:02  Hydralisk  
  160  27:04  Spore Crawler  
  160  27:05  Hydralisk, Drone  
  160  27:06  Extractor, Drone  
  160  27:07  Hydralisk, Drone  
  160  27:08  Drone  
  142  27:09  Hydralisk  
  142  27:11  Infestor  
  142  27:14  Queen, Infestor  
  142  27:15  Spire  
  127  27:16  Hydralisk  
  127  27:17  Drone  
  127  27:18  Infestor  
  127  27:20  Hydralisk  
  127  27:21  Drone  
  122  27:23  Hydralisk, Overlord, Overseer  
  122  27:24  Drone x2  
  122  27:25  Hydralisk, Mutalisk  
  122  27:27  Hydralisk  
  122  27:28  Drone, Spine Crawler  
  110  27:30  Roach, Spine Crawler, Mutalisk x4  
  110  27:31  Drone, Mutalisk  
  110  27:33  Hydralisk  
  110  27:36  Zergling x6  
  110  27:37  Zergling x2  
  110  27:39  Roach, Overseer  
  110  27:41  Roach, Overlord  
  112  27:47  Overseer  
  94  28:01  Overlord  
  94  28:06  Spawning Pool  
  94  28:09  Evolution Chamber  
  92  28:14  Evolution Chamber  
  81  28:21  Overlord x2  
  81  28:41  Overlord  
  76  28:59  Overlord  
  76  29:01  Roach Warren  
  71  29:05  Baneling Nest  
  61  29:18  Overlord  
  59  29:38  Overlord  
  57  29:48  Spawning Pool  
  56  29:57  Overlord  
  56  29:59  Evolution Chamber  
  55  30:05  Evolution Chamber  
  54  30:07  Spawning Pool  
  54  30:13  Evolution Chamber  
  52  30:16  Overlord  
  52  30:31  Extractor  
  50  30:36  Overlord  
  45  30:50  Hatchery  
  45  30:52  Evolution Chamber  
  45  30:54  Overlord  
  38  30:57  Spawning Pool  
  38  31:02  Evolution Chamber  
  38  31:03  Drone  
  36  31:14  Overlord  
  34  31:33  Overlord  
  34  31:42  Hatchery  
  33  31:51  Drone x3, Overlord  
  33  31:52  Drone x2  
  33  31:53  Drone x2  
  32  31:54  Spawning Pool  
  32  31:56  Evolution Chamber  
  32  31:59  Evolution Chamber  
  32  32:00  Drone x2  
  32  32:01  Drone  
  32  32:05  Drone  
  32  32:06  Drone x2  
  32  32:10  Overlord, Drone  
  33  32:17  Extractor  
  33  32:20  Drone x3  
  33  32:21  Extractor, Drone  
  31  32:23  Drone x2  
  31  32:29  Overlord  
  33  32:39  Drone  
  33  32:40  Drone  
  33  32:41  Zergling x2  
  35  32:44  Hatchery  
  35  32:45  Zergling x2  
  35  32:47  Spore Crawler, Zergling x2  
  35  32:48  Overlord, Zergling x2, Metabolic Boost, Spore Crawler, Drone  
  36  33:00  Roach Warren  
  30  33:06  Overlord, Zergling x6, Drone  
  30  33:13  Zergling x2  
  26  33:20  Drone, Baneling Nest  
  26  33:21  Drone  
  26  33:24  Drone x2  
  27  33:33  Zergling x2  
  27  33:43  Drone  
  27  33:48  Overlord, Zergling x2, Drone  
  28  33:55  Drone  
  22  34:06  Drone  
Show
View Real Time Build Order
Export as new Build Order

larsgj Terran - Winner!

Build Orders:  

Get SALT Encoding   

  12  0:01  SCV  
  13  0:13  SCV  
  14  0:23  Supply Depot  
  14  0:25  SCV  
  15  0:44  SCV  
  16  0:56  SCV  
  17  1:02  Barracks  
  17  1:08  SCV  
  18  1:20  SCV  
  19  1:32  SCV, Command Center  
  20  1:45  SCV  
  21  1:50  Marine  
  22  1:57  SCV  
  23  2:17  Command Center  
  23  2:28  Barracks  
  23  2:34  Supply Depot  
  23  2:43  Marine  
  23  2:44  SCV  
  25  2:57  Supply Depot  
  25  3:01  Marine  
  26  3:15  Marine  
  26  3:19  Marine  
  28  3:25  Supply Depot  
  28  3:33  Marine, Refinery  
  29  3:37  Marine, Refinery  
  30  3:43  SCV  
  30  3:47  SCV  
  32  3:50  Marine  
  32  3:55  Marine, SCV  
  35  3:59  SCV  
  36  4:07  Bunker, SCV  
  36  4:08  Marine  
  38  4:11  SCV  
  38  4:12  Marine  
  40  4:19  SCV  
  40  4:23  SCV  
  40  4:24  Orbital Command  
  42  4:26  Marine  
  42  4:30  Marine  
  44  4:31  SCV, Supply Depot  
  44  4:35  SCV  
  46  4:40  Bunker  
  46  4:44  Marine  
  47  4:48  Marine  
  48  4:55  Factory  
  48  5:02  Marine  
  48  5:06  Supply Depot  
  49  5:07  Engineering Bay  
  49  5:09  Marine  
  49  5:12  Bunker  
  50  5:20  Marine  
  51  5:23  SCV  
  51  5:27  Marine  
  51  5:28  Supply Depot  
  53  5:29  SCV  
  53  5:35  SCV  
  53  5:37  Marine  
  53  5:41  SCV  
  48  5:44  Marine  
  48  5:47  SCV  
  46  5:53  SCV  
  46  5:55  Marine  
  46  5:56  Bunker  
  48  5:59  SCV  
  48  6:00  Terran Infantry Weapons Level 1  
  48  6:02  Marine  
  50  6:05  SCV  
  51  6:12  SCV  
  51  6:13  Marine  
  51  6:15  Refinery  
  51  6:17  SCV  
  54  6:20  Marine, Refinery  
  54  6:22  Refinery  
  54  6:23  Refinery  
  54  6:24  SCV  
  56  6:29  SCV  
  56  6:31  Marine  
  58  6:36  SCV  
  58  6:38  Marine, Armory  
  60  6:41  SCV  
  61  6:48  SCV  
  61  6:53  SCV  
  64  6:55  Barracks Tech Lab  
  64  6:56  Marine  
  64  7:00  SCV  
  65  7:05  SCV  
  66  7:12  SCV  
  66  7:13  Marine  
  68  7:26  Factory Tech Lab  
  68  7:31  Marine  
  69  7:49  Marine  
  70  7:54  Terran Infantry Armor Level 1  
  70  8:01  Thor  
  76  8:17  Terran Vehicle Weapons Level 1  
  76  8:24  Supply Depot  
  76  8:29  Orbital Command  
  76  8:31  Orbital Command  
  76  8:44  Thor  
  76  8:47  Supply Depot  
  82  9:09  Supply Depot  
  80  9:27  Thor  
  80  9:28  SCV  
  83  9:40  SCV  
  84  9:45  Bunker  
  84  9:47  Bunker  
  84  9:48  Hi-Sec Auto Tracking  
  85  9:52  SCV  
  85  9:55  Marauder  
  85  10:04  SCV  
  92  10:17  SCV, Marauder  
  92  10:21  Bunker  
  95  10:28  Marine  
  96  10:31  Thor  
  96  10:38  Marauder  
  96  10:39  Terran Vehicle Weapons Level 2  
  98  10:45  Marine, Neosteel Armor  
  99  10:57  Supply Depot  
  99  11:00  Marauder  
  99  11:03  Marine  
  102  11:13  Missile Turret  
  102  11:20  Supply Depot  
  102  11:21  Marauder, Marine  
  105  11:33  Missile Turret  
  105  11:34  Missile Turret  
  105  11:39  Marine  
  106  11:42  Marauder, Supply Depot  
  108  11:52  Missile Turret  
  108  11:54  Missile Turret  
  108  12:15  Missile Turret  
  108  12:16  Missile Turret  
  108  12:25  Terran Infantry Weapons Level 2  
  108  12:36  Missile Turret  
  108  12:37  Marine, Missile Turret  
  108  12:38  Marine  
  110  12:55  Marine x2, Terran Vehicle And Ship Armor Level 1  
  110  12:58  Missile Turret  
  112  13:05  Missile Turret  
  112  13:12  Thor  
  118  13:13  Marine x2  
  118  13:19  Missile Turret  
  120  13:27  Missile Turret  
  120  13:30  Marine  
  120  13:31  Marine  
  122  13:40  Missile Turret  
  122  13:48  Marine  
  122  13:49  Marine, Missile Turret  
  122  13:55  Thor  
  130  14:02  Missile Turret  
  128  14:07  Marauder  
  129  14:10  Missile Turret  
  123  14:31  Missile Turret  
  123  14:38  Thor  
  129  14:40  Terran Infantry Armor Level 2  
  129  14:49  Terran Vehicle Weapons Level 3  
  129  14:52  Missile Turret  
  129  15:11  Factory  
  129  15:14  Missile Turret  
  129  15:21  Thor  
  135  16:03  Thor  
  96  16:42  Starport  
  96  16:45  Starport  
  96  16:46  Thor  
  102  16:56  Terran Infantry Weapons Level 3  
  96  17:25  Starport Tech Lab x2  
  96  17:26  Terran Vehicle And Ship Armor Level 2  
  96  17:29  Thor  
  98  17:49  Fusion Core  
  98  18:38  Battlecruiser x2  
  110  19:28  Command Center  
  110  19:33  Terran Infantry Armor Level 3  
  110  19:42  Battlecruiser x2, Terran Ship Weapons Level 1  
  110  19:43  Starport  
  122  19:49  Command Center  
  116  20:39  Starport Tech Lab  
  116  20:46  Battlecruiser  
  116  20:47  Battlecruiser  
  128  20:53  SCV  
  113  21:29  Battlecruiser  
  119  21:36  Terran Vehicle And Ship Armor Level 3  
  119  21:45  Weapon Refit  
  119  21:51  Battlecruiser x2  
  131  22:10  SCV  
  132  22:22  SCV  
  133  22:33  Battlecruiser  
  133  22:35  SCV  
  140  22:47  SCV  
  141  22:55  Battlecruiser x2, Missile Turret  
  153  22:59  SCV  
  154  23:22  Missile Turret  
  154  23:31  Refinery  
  154  23:33  Refinery  
  154  23:34  SCV  
  155  23:37  Battlecruiser  
  147  23:42  Missile Turret  
  147  23:46  SCV  
  141  23:58  SCV  
  141  23:59  Battlecruiser  
  150  24:10  SCV  
  150  24:13  Terran Ship Weapons Level 2  
  151  24:21  Battlecruiser  
  151  24:22  SCV  
  152  24:42  Battlecruiser  
  158  25:03  Battlecruiser  
  164  25:25  Battlecruiser  
  170  25:34  Missile Turret  
  170  25:46  Battlecruiser  
  176  25:53  Missile Turret  
  176  26:08  Battlecruiser  
  182  26:13  Missile Turret  
  182  26:17  Orbital Command  
  182  26:29  Battlecruiser  
  188  26:50  Battlecruiser  
  194  27:12  Battlecruiser  
  194  29:20  Battlecruiser  
  200  31:27  Terran Ship Weapons Level 3  
  200  32:01  Refinery  
  200  32:05  Refinery  
Tags
 
Add a new tag
Caveats
  • Supply blocks, unpowered buildings, or Contaminate may cause inaccurate times.
  • Supply counts are checked every 10 seconds.